 Dungeon Crawl Stone Soup version 0.30.1 (webtiles) character file.

Game seed: 8651056538527728143

368 Fodor the Covered (level 6, -4/56 HPs)
             Began as a Minotaur Fighter on July 10, 2023.
             Slain by an orc warrior
             ... wielding a +2 halberd of protection
              (13 damage)
             ... on level 4 of the Dungeon.
             The game lasted 00:17:43 (2828 turns).

Fodor the Covered (Minotaur Fighter)                Turns: 2828, Time: 00:17:43

Health: -4/56      AC:  9    Str: 22    XL:     6   Next: 41%
Magic:  5/5        EV: 12    Int:  5    God:
Gold:   166        SH:  5    Dex: 10    Spells: 5/5 levels left

rFire   . . .        g - +2 dagger (venom)
rCold   . . .        c - +0 buckler
rNeg    . . .        b - +0 scale mail
rPois   .            (helmet restricted)
rElec   .            l - +0 cloak
rCorr   .            v - +0 pair of gloves
SInv    +            (no boots)
Will    .....        p - amulet of magic regeneration Stlth
                     f - +5 ring of evasion
HPRegen 0.29/turn    i - ring of see invisible
MPRegen 0.49/turn

%: no passive effects
@: lethally poisoned (-4 -> -9), constricted, studying Short Blades
A: horns 2, retaliatory headbutt
a: no special abilities


You were on level 4 of the Dungeon.
You visited 1 branch of the dungeon, and saw 4 of its levels.

You collected 166 gold pieces.

Inventory:

Hand Weapons
 a - a +0 long sword
 g - a +2 dagger of venom (weapon)
 z - the +7 sceptre of Torment {pain, torment}
   (You found it on level 4 of the Dungeon)
Missiles
 r - 13 poisoned darts (quivered)
 s - 6 boomerangs
 w - a curare-tipped dart
Armour
 b - a +0 scale mail (worn)
 c - a +0 buckler (worn)
 e - a +0 plate armour
 l - a +0 cloak (worn)
 v - a +0 pair of gloves (worn)
Jewellery
 f - a +5 ring of evasion (left hand)
 i - a ring of see invisible (right hand)
 p - an amulet of magic regeneration (around neck)
Scrolls
 h - 2 scrolls of magic mapping
 j - a scroll of brand weapon
 k - a scroll of torment
 n - a scroll of immolation
 o - a scroll of enchant weapon
 t - a scroll of vulnerability {unknown}
 y - a scroll of amnesia {unknown}
Potions
 d - 2 potions of might
 m - a potion of cancellation {unknown}
 q - a potion of curing {unknown}
 u - a potion of ambrosia {unknown}
 x - a potion of mutation {unknown}


   Skills:
 + Level 5.3 Fighting
 + Level 2.4(3.0) Short Blades
 + Level 2.7(3.3) Long Blades
 + Level 1.1 Throwing
 + Level 5.3 Armour
 + Level 1.6 Dodging
 + Level 0.2 Stealth
 + Level 5.0 Shields


You had 5 spell levels left.
You didn't know any spells.
Your spell library contained the following spells:

 Spells                   Type           Power      Damage    Failure   Level
 Necrotise                Necr           0%         1d4       85%         1
 Cigotuvi's Dreadful Rot  Necr/Pois/Air  0%         N/A       94%         2
 Scorch                   Fire           0%         2d5       94%         2
 Dispel Undead            Necr           0%         3d6       100%        4
 Flame Wave               Conj/Fire      0%         2d4       100%        4
 Death Channel            Necr           0%         N/A       100%        6
 Summon Cactus Giant      Summ           0%         N/A       100%        6


Dungeon Overview and Level Annotations

Branches:
Dungeon (4/15)
 Temple: D:4-7

Altars:

Shops:
D:1 (:

Annotations:
D:4 2 transporters, 1 runed translucent door, Crazy Yiuf


Innate Abilities, Weirdness & Mutations

You have a pair of horns on your head.
You reflexively headbutt those who attack you in melee.


Message History

You furiously retaliate!
You headbutt the ball python, but do no damage.
The ball python constricts you. The orc hits you but does no damage.
The goblin shoots a sling bullet.
The sling bullet hits you.
You hit the orc warrior but do no damage.
You headbutt the orc warrior!
The orc warrior is moderately wounded.
The adder closely misses you.
The orc warrior hits you with a +2 halberd of protection!
The ball python barely misses you. The ball python constricts you.
You block the orc's attack. The orc barely misses you.
You hit the orc warrior but do no damage.
The orc warrior is moderately wounded.
The adder closely misses you.
The goblin shoots a sling bullet.
The sling bullet closely misses you.
The sling bullet hits the orc.
The orc dies!
The orc's corpse dissolves into shadows!
The orc warrior completely misses you. The ball python bites you.
The ball python constricts you. You block the adder's attack.
The orc hits you with a +0 short sword.
You hit the orc warrior but do no damage.
The orc warrior is poisoned.
You headbutt the orc warrior, but do no damage.
The orc warrior is moderately wounded.
You block the ball python's attack. The ball python constricts you.
The orc warrior hits you with a +2 halberd of protection!!
* * * LOW HITPOINT WARNING * * *
You block the adder's attack. The orc misses you.
You hit the orc warrior but do no damage.
The orc warrior looks even sicker.
Your headbutt misses the orc warrior.
The orc warrior is heavily wounded.
The goblin unwields a +0 sling.
The goblin wields a +0 club.
The goblin barely misses you. The ball python bites you.
* * * LOW HITPOINT WARNING * * *
The ball python constricts you. The adder bites you.
* * * LOW HITPOINT WARNING * * *
You are poisoned.
The adder poisons you!
The orc warrior hits you with a +2 halberd of protection!
You die...

##........#.#.#
..............<#
............#...
................
#..........)...
#..........#...
#......Sg......
#.....o@S.#
#......o..#
#.........#
#.........###
##..........##
#...........##
#.#.≈≈#
#...###.###..#
#.#.≈≈#
##.#...#...#..#
#...≈≈# #.
..###.###..##...≈≈#


You could see an orc warrior (invisible, very poisoned), an adder (summoned), an
orc (summoned), a goblin (summoned) and a ball python (summoned).

Vanquished Creatures
  A kobold brigand (D:4)
  A bullfrog (D:4)
  An orc priest (D:4)
  An iguana (D:4)
  2 orc wizards
  5 adders
  A worm (D:2)
  7 orcs
  6 ball pythons (D:3)
  A bat (D:1)
  6 endoplasms
  4 giant cockroaches
  6 goblins
  6 hobgoblins
  6 jackals
  11 kobolds
  2 quokkas (D:3)
  A frilled lizard (D:3)
  10 rats
78 creatures vanquished.

Notes
Turn   | Place    | Note
-------+----------+-------------------------------------------
     0 | D:1      | Fodor the Minotaur Fighter began the quest for the Orb.
     0 | D:1      | Reached XP level 1. HP: 19/19 MP: 0/0
    21 | D:1      | Found Tida's Antique Weapon Shop.
   190 | D:1      | Reached XP level 2. HP: 27/27 MP: 1/1
   210 | D:1      | Found a faded altar of an unknown god.
   227 | D:1      | Got Plato's Anthology of Malignant Arts
   308 | D:1      | Found Vemeumo's Vocational Training.
   837 | D:2      | Reached XP level 3. HP: 34/34 MP: 2/2
  1580 | D:3      | Reached XP level 4. HP: 24/41 MP: 3/3
  2282 | D:3      | Reached XP level 5. HP: 47/47 MP: 4/4
  2430 | D:4      | Reached skill level 1 in Short Blades
  2538 | D:4      | Found the +7 sceptre of Torment {pain, torment}
  2545 | D:4      | Found a transporter.
  2546 | D:4      | Found a transporter.
  2555 | D:4      | Found a runed translucent door.
  2556 | D:4      | Noticed Crazy Yiuf
  2607 | D:4      | Reached skill level 5 in Fighting
  2617 | D:4      | Reached skill level 5 in Armour
  2617 | D:4      | Reached skill level 1 in Dodging
  2632 | D:4      | Reached skill level 1 in Throwing
  2632 | D:4      | Reached XP level 6. HP: 54/56 MP: 5/5
  2656 | D:4      | Reached skill level 5 in Shields
  2814 | D:4      | Noticed an orc warrior
  2828 | D:4      | Slain by an orc warrior

Illustrated notes

Levels and vault maps discovered:
D:1:      amcnicky_arrival_choice, layout_rooms, serial_bayou,
          serial_bayou_lagoon_a, serial_bayou_pond_b, serial_bayou_pond_c,
          serial_bayou_shore_a, serial_shops, shop,
          shapermc_ecumenical_altar_rom_forum, nicolae_shop_vocational
D:2:      layout_loops_cross
D:3:      minmay_diamond_boxcup, layout_basic, chequers_arboretum
D:4:      minmay_goblin_kobold_castle, layout_rooms, lemuel_tele_altar,
          nicolae_overflow_crystal_walls, gammafunk_ghost_gnarly_gnolls,
          minmay_manual_mail, uniq_crazy_yiuf_cottage

Skill      XL: |  1  2  3  4  5  6 |
---------------+-------------------+-----
Fighting       | 4 5 |  5.3
Shields        | 4 5 |  5.0
Armour         | 4 5 |  5.3
Short Blades   | 2 |  2.4
Dodging        | 1 |  1.6
Throwing       | 1 |  1.1
Long Blades    | |  2.7
Stealth        | |  0.2

Action                     |  1- 3 |  4- 6 || total
---------------------------+-------+-------++-------
  Melee: Dagger            |    96 |   102 ||   198
         Headbutt          |    20 |    20 ||    40
         Long sword        |     3 |       ||     3
  Throw: Dart              |     6 |       ||     6
    Use: Scroll            |     4 |     1 ||     5
 Armour: Scale mail        |    17 |    45 ||    62
  Dodge: Dodged            |    44 |    94 ||   138
  Block: Buckler           |    13 |    23 ||    36
